 Dungeon Crawl Stone Soup version 0.21.1-1-g345015f (webtiles) character file.

9391 Galewin the Severer (level 11, -7/85 HPs)
             Began as a Minotaur Berserker on Mar 27, 2018.
             Was a High Priest of Trog.
             Mangled by a yak (11 damage)
             ... on level 10 of the Dungeon.
             The game lasted 00:21:25 (6175 turns).

Galewin the Severer (Minotaur Berserker)            Turns: 6175, Time: 00:21:25

Health: -7/85      AC: 14    Str: 25    XL:     11   Next: 22%
Magic:  10/10      EV:  8    Int:  4    God:    Trog [*****.]
Gold:   603        SH:  0    Dex: 10    Spells: 10/10 levels left

rFire    . . .     SeeInvis .   B - +0 battleaxe
rCold    . . .     Gourm    .   (shield currently unavailable)
rNeg     . . .     Faith    .   M - +0 plate armour
rPois    .         Spirit   .   (helmet restricted)
rElec    .         Reflect  .   (no cloak)
rCorr    .         Harm     .   (no gloves)
MR       +....                  e - +2 pair of boots
Stlth    ..........             l - amulet of regeneration
HPRegen  0.64/turn              s - ring of protection from magic
MPRegen  0.12/turn              (no ring)

@: berserk cooldown, slowed, very slow
A: retaliatory headbutt, horns 2
a: Berserk, Trog's Hand, Brothers in Arms, Burn Spellbooks, Renounce Religion


You were on level 10 of the Dungeon.
You worshipped Trog.
Trog was extremely pleased with you.
You were not hungry.

You visited 1 branch of the dungeon, and saw 10 of its levels.

You collected 603 gold pieces.

Inventory:

Hand Weapons
 B - a +0 battleaxe (weapon)
Armour
 e - a +2 pair of boots (worn)
 M - a +0 plate armour (worn)
Jewellery
 l - an amulet of regeneration (around neck)
 s - a ring of protection from magic (left hand)
 F - an uncursed ring of protection from cold {unknown}
Wands
 b - a wand of disintegration (21)
 j - a wand of flame (26)
 A - a wand of polymorph (32)
 D - a wand of random effects (28)
 E - a wand of paralysis (11)
 K - a wand of enslavement (8)
Scrolls
 d - 2 scrolls of blinking
 f - 2 scrolls of enchant weapon
 k - 2 scrolls of immolation
 m - 2 scrolls of random uselessness {unknown}
 n - 2 scrolls of noise {unknown}
 o - 5 scrolls of teleportation {unknown}
 p - 4 scrolls of fog {unknown}
 q - 4 scrolls of remove curse {unknown}
 v - 4 scrolls of identify
 y - 2 scrolls of amnesia {unknown}
 C - a scroll of torment {unknown}
 G - a scroll of vulnerability {unknown}
 I - a scroll of brand weapon {unknown}
 J - a scroll of fear {unknown}
Potions
 a - a potion of resistance {unknown}
 g - a potion of magic {unknown}
 h - 4 potions of lignification {unknown}
 i - 7 potions of curing {unknown}
 r - a potion of brilliance {unknown}
 t - a potion of might
 u - 2 potions of cancellation {unknown}
 w - 2 potions of flight {unknown}
 x - a potion of agility {unknown}
 z - a potion of haste {unknown}
 H - 2 potions of degeneration {unknown}
Comestibles
 c - 20 rations


   Skills:
 + Level 4.8 Fighting
 * Level 18.7 Axes
 + Level 3.9 Armour
 + Level 3.5 Dodging


You had 10 spell levels left.
You didn't know any spells.

Dungeon Overview and Level Annotations

Branches:
Dungeon (10/15)            Temple (0/1) D:5            Lair (0/6) D:8
    Orc (0/2) D:9

Altars:
Dithmenos
Fedhas
Gozag
Hepliaklqana
Makhleb
Nemelex Xobeh
Ru
Sif Muna
Vehumet
Wu Jian
Xom
Yredelemnul
Zin
The Shining One


Innate Abilities, Weirdness & Mutations

You reflexively headbutt those who attack you in melee.
You have a pair of horns on your head.


Message History

You barely miss the yak.
The yak is severely wounded.
You hit the yak.
Your ogre completely misses the yak.
The yak gores you.
* * * LOW HITPOINT WARNING * * *
The yak barely misses you.
Your ogre closely misses the yak. x2
You slice the yak!!
You kill the yak!
Trog accepts your kill.
You closely miss the yak. You headbutt the yak, but do no damage.
The yak is lightly wounded.
Your ogre barely misses the yak.
The yak gores you!
* * * LOW HITPOINT WARNING * * *
Your ogre hits the yak with a giant spiked club!!
The yak barely misses your ogre.
You strike the helpless yak from behind!
You hit the yak but do no damage.
The yak is almost dead.
Your ogre completely misses the yak.
The yak gores you!
You die...

#.. #...... #..
#..... ###
#....#####
#....#...#
#######....#.(.#
.......†...#...#
..........)#...#
........†.OY@..#
...........#...#
..##.##...##...##
### ### #
##+##.....###'#
+.. #.....#...#
#.. #.....#...##
#.. #.....#....#
#..
####.....#...##
#..
#...>.####...#
#..


You could see a yak and a friendly ogre (berserk).

Vanquished Creatures
  Gastronok (D:9)
  Erolcha (D:9)
  A two-headed ogre (D:10)
  Pikel (D:8)
  The ghost of Shinoi the Cleaver, a novice DsAK of Lugonu (D:4)
  A komodo dragon (D:10)
  A hippogriff (D:8)
  A vampire (D:9)
  6 yaks
  A basilisk (D:8)
  A warg (D:9)
  2 water moccasins
  5 orc warriors
  2 sky beasts
  4 ogres
  3 centaurs
  A crocodile (D:8)
  The ghost of lorenzova the Conjurer, an amateur DECj (D:3)
  2 bullfrogs
  3 scorpions
  5 killer bees (D:10)
  6 wights
  2 howler monkeys
  2 crimson imps
  3 hounds
  A bullfrog skeleton (D:5)
  7 orc priests
  A jelly (D:8)
  8 orc wizards
  2 iguanas
  10 worker ants
  2 hound zombies
  A hound skeleton (D:4)
  10 gnolls
  8 adders
  6 river rats (D:6)
  An ooze (D:5)
  4 worms
  2 dart slugs
  5 leopard geckos
  34 orcs
  10 bats
  7 giant cockroaches
  2 gnoll zombies (D:2)
  5 goblins
  5 hobgoblins
  10 jackals
  4 quokkas
  4 frilled lizards
  9 kobolds
  A leopard gecko skeleton (D:5)
  22 rats
238 creatures vanquished.

Vanquished Creatures (collateral kills)
  A cyclops (D:9)
  3 yaks (D:10)
  An orc warrior (D:9)
  An orc wizard (D:6)
  2 orcs (D:6)
8 creatures vanquished.

Grand Total: 246 creatures vanquished

Notes
Turn   | Place    | Note
-------+----------+-------------------------------------------
     0 | D:1      | Galewin the Minotaur Berserker began the quest for the Orb.
     0 | D:1      | Reached XP level 1. HP: 19/19 MP: 0/0
    25 | D:1      | Reached skill level 4 in Axes
    62 | D:1      | Reached XP level 2. HP: 9/26 MP: 1/1
   464 | D:1      | Reached skill level 5 in Axes
   598 | D:1      | Reached XP level 3. HP: 26/31 MP: 2/2
   716 | D:2      | Reached ** piety under Trog
   721 | D:2      | Reached skill level 6 in Axes
   721 | D:2      | Reached XP level 4. HP: 33/39 MP: 3/3
   874 | D:2      | Found a basalt altar of Yredelemnul.
  1221 | D:3      | Noticed lorenzova's ghost (amateur DECj)
  1225 | D:3      | Killed lorenzova's ghost
  1225 | D:3      | Reached skill level 7 in Axes
  1225 | D:3      | Reached XP level 5. HP: 45/45 MP: 4/4
  1499 | D:3      | Reached *** piety under Trog
  1506 | D:3      | Found an ornate altar of the Wu Jian Council.
  1780 | D:4      | Received a gift from Trog
  1782 | D:4      | Reached skill level 8 in Axes
  1826 | D:4      | Reached XP level 6. HP: 51/51 MP: 5/5
  1882 | D:4      | Noticed Shinoi's ghost (novice DsAK)
  1903 | D:4      | Killed Shinoi's ghost
  1903 | D:4      | Reached skill level 10 in Axes
  1903 | D:4      | Reached XP level 7. HP: 52/57 MP: 6/6
  1964 | D:4      | Found a deep blue altar of Sif Muna.
  2289 | D:4      | Found an opulent altar of Gozag.
  2331 | D:5      | Entered Level 5 of the Dungeon
  2363 | D:5      | Reached skill level 11 in Axes
  2394 | D:5      | Found a shadowy altar of Dithmenos.
  2604 | D:5      | Reached XP level 8. HP: 64/64 MP: 7/7
  2615 | D:5      | Found a hazy altar of Hepliaklqana.
  2638 | D:5      | Found a staircase to the Ecumenical Temple.
  3001 | D:5      | Found a burning altar of Makhleb.
  3002 | D:5      | Noticed a blizzard demon
  3044 | D:6      | Reached skill level 12 in Axes
  3102 | D:6      | Reached **** piety under Trog
  3635 | D:7      | Reached skill level 13 in Axes
  3907 | D:7      | Found a sacrificial altar of Ru.
  4049 | D:7      | Reached XP level 9. HP: 70/70 MP: 8/8
  4073 | D:7      | Reached skill level 14 in Axes
  4106 | D:7      | Found a blossoming altar of Fedhas.
  4234 | D:7      | Found a sparkling altar of Nemelex Xobeh.
  4234 | D:7      | Found a radiant altar of Vehumet.
  4271 | D:8      | Noticed Pikel
  4281 | D:8      | Killed Pikel
  4377 | D:8      | Reached skill level 15 in Axes
  4615 | D:8      | Noticed an angel
  4616 | D:8      | Found a shimmering altar of Xom.
  4633 | D:8      | Found a glowing silver altar of Zin.
  4658 | D:8      | Found a staircase to the Lair.
  4809 | D:9      | Reached skill level 16 in Axes
  4827 | D:9      | Reached ***** piety under Trog
  4835 | D:9      | Reached XP level 10. HP: 55/77 MP: 9/9
  5093 | D:9      | Found a glowing golden altar of the Shining One.
  5143 | D:9      | Noticed Erolcha
  5151 | D:9      | Killed Erolcha
  5151 | D:9      | Reached skill level 17 in Axes
  5348 | D:9      | HP: 2/115 [orc warrior/halberd (9)]
  5351 | D:9      | Found a staircase to the Orcish Mines.
  5389 | D:9      | Noticed Gastronok
  5404 | D:9      | Killed Gastronok
  5404 | D:9      | Reached skill level 18 in Axes
  5471 | D:9      | Noticed a cyclops
  5475 | D:9      | Killed a cyclops
  5657 | D:10     | Entered Level 10 of the Dungeon
  5742 | D:10     | Reached XP level 11. HP: 81/84 MP: 10/10
  6147 | D:10     | Noticed a two-headed ogre
  6153 | D:10     | Killed a two-headed ogre
  6174 | D:10     | HP: 3/85 [yak (8)]
  6175 | D:10     | Mangled by a yak

Skill      XL: |  1  2  3  4  5  6  7  8  9 10 11 |
---------------+----------------------------------+-----
Axes           | 4 5 6 7 8 10 11 13 16 18 | 18.7
Fighting       | 4 |  4.8
Armour         | 3 |  3.9
Dodging        | 3 |  3.5

Action                   |  1- 3 |  4- 6 |  7- 9 | 10-12 || total
-------------------------+-------+-------+-------+-------++-------
Melee: Hand axe          |    39 |   101 |   279 |    64 ||   483
       Headbutt          |     6 |    15 |    62 |    30 ||   113
       Battleaxe         |       |       |       |    77 ||    77
       War axe           |       |       |       |    12 ||    12
Invok: Berserk           |     1 |     3 |    12 |     5 ||    21
       Trog's Hand       |       |     1 |       |     1 ||     2
       Burn Spellbooks   |       |       |     1 |     2 ||     3
       Brothers in Arms  |       |       |     1 |     3 ||     4
  Use: Scroll            |       |     3 |     6 |       ||     9
 Stab: Distracted        |       |       |       |     2 ||     2
  Eat: Chunk             |       |     5 |    21 |     9 ||    35
       Ration            |       |       |       |     1 ||     1
Armor: Animal skin       |     8 |    19 |     1 |       ||    28
       Ring mail         |       |       |    49 |    14 ||    63
       Plate armour      |       |       |       |    49 ||    49
Dodge: Dodged            |    16 |    72 |    84 |    56 ||   228
